[Event "Titled Tuesday Blitz August 22 Early 2023"]
[White "Wimalasuriya, Kasun M."]
[Black "Pax-Pramana"]
[WhiteFideId "9906789"]
[WhiteElo "2289"]
[BlackElo "2481"]
[Result "1/2-1/2"]
[Round "3"]
[TimeControl "180+1"]
[Date "2023.08.22"]
[WhiteClock "0:00:51"]
[BlackClock "0:00:09"]
[Board "192"]

1. d4 Nf6 2. c4 e6 3. Nf3 Bb4+ 4. Nbd2 O-O 5. a3 Be7 6. e4 d5 7. e5 Nfd7 8. cxd5 exd5 9. b4 a5 10. Rb1 axb4 11. axb4 f6 12. Bd3 fxe5 13. dxe5 Nc6 14. e6 Nf6 15. b5 Nb4 16. Bf5 Nh5 17. Bg4 Nf4 18. O-O Bxe6 19. Bxe6+ Nxe6 20. Re1 Nf4 21. Nb3 Nfd3 22. Re2 Nxc1 23. Rxc1 Ra3 24. Nbd4 Nd3 25. Ra1 Nf4 26. Rd2 Rxa1 27. Qxa1 Bf6 28. Qd1 Re8 29. g3 Ng6 30. Nf5 c6 31. Qb3 Qd7 32. Ne3 Kh8 33. h4 d4 34. Nc4 cxb5 35. Na3 Qg4 36. Nxb5 Rf8 37. Nbxd4 Nxh4 38. Nxh4 Bxd4 39. Kg2 Bf6 40. Nf3 h5 41. Qxb7 h4 42. Qd7 h3+ 43. Kh2 Qxf3 44. Qxh3+ Kg8 45. Qe6+ Kh7 46. Qh3+ Kg6 47. Qg2 Rh8+ 48. Kg1 Qf5 49. Rd1 Qc2 50. Re1 Rb8 51. Qe4+ Qxe4 52. Rxe4 Kf5 53. Re2 g5 54. Kg2 Rb3 55. Ra2 g4 56. Rd2 Rb2 57. Rxb2 Bxb2 58. f3 gxf3+ 59. Kxf3 Be5 60. g4+ Kg6 61. g5 Kxg5 1/2-1/2


[Site "https://www.chess.com"]

[Event "Titled Tuesday Blitz August 22 Early 2023"]
[White "laimis61"]
[Black "Gavilan Diaz, Mario"]
[BlackFideId "2260905"]
[WhiteElo "2269"]
[BlackElo "2479"]
[Result "1/2-1/2"]
[Round "3"]
[TimeControl "180+1"]
[Date "2023.08.22"]
[WhiteClock "0:00:37"]
[BlackClock "0:00:26"]
[Board "193"]

1. e4 b6 2. d4 Bb7 3. Bd3 e6 4. Nf3 c5 5. c3 Nf6 6. Qe2 d5 7. e5 Ne4 8. Nbd2 Nxd2 9. Bxd2 Be7 10. O-O O-O 11. Rfe1 Nc6 12. a3 Na5 13. Rad1 Bc6 14. b4 cxb4 15. cxb4 Nc4 16. Bc1 a5 17. Bxc4 dxc4 18. Qxc4 Bd5 19. Qc3 axb4 20. axb4 Qd7 21. Bd2 Rfc8 22. Qe3 Rc4 23. Rb1 Ra4 24. h4 h6 25. h5 Bxb4 26. Bxb4 Raxb4 27. Rxb4 Rxb4 28. Nh2 Bb7 29. Rd1 Qd5 30. f3 Rb3 31. Qf4 Rb2 32. Ng4 Qb3 33. Rc1 Rb1 34. Kh2 Rxc1 35. Qxc1 b5 36. Nxh6+ gxh6 37. Qxh6 Bxf3 38. Qg5+ Kf8 39. Qd8+ Kg7 40. Qf6+ Kf8 41. gxf3 Qb2+ 42. Kg3 Qxd4 43. h6 Qg1+ 44. Kf4 Qd4+ 45. Kg3 Qg1+ 46. Kf4 Qd4+ 47. Kg3 1/2-1/2


[Site "https://www.chess.com"]

[Event "Titled Tuesday Blitz August 22 Early 2023"]
[White "Hrescak, Ivana"]
[Black "Mmukka"]
[WhiteFideId "14613441"]
[WhiteElo "2282"]
[BlackElo "2478"]
[Result "1-0"]
[Round "3"]
[TimeControl "180+1"]
[Date "2023.08.22"]
[WhiteClock "0:00:12"]
[BlackClock "0:00:01"]
[Board "194"]

1. e4 c5 2. Nf3 e6 3. g3 d5 4. exd5 exd5 5. Bg2 Qe7+ 6. Kf1 Nc6 7. d4 Nf6 8. h3 Be6 9. Nc3 O-O-O 10. Kg1 h6 11. Be3 g5 12. dxc5 g4 13. Nd4 gxh3 14. Bxh3 Bxh3 15. Rxh3 Qd7 16. Kg2 Ng4 17. Bf4 Nxf2 18. Kxf2 Qxh3 19. Nxc6 bxc6 20. Qd4 Qh2+ 21. Kf3 Qh5+ 22. g4 Qh3+ 23. Bg3 Rg8 24. Qf4 Qxg4+ 25. Qxg4+ Rxg4 26. Kxg4 Bxc5 27. Rf1 Rg8+ 28. Kh3 Rg7 29. Be5 Rg5 30. Bf4 Rf5 31. Kg2 h5 32. Bg3 Rxf1 33. Kxf1 Kd7 34. Kg2 Ke6 35. Kh3 Bd4 36. Nd1 Bf6 37. Ne3 Bg5 38. Ng2 Kf5 39. Bh4 Bc1 40. b3 Ke4 41. Bf6 Kf5 42. Bd4 Ke4 43. Bxa7 f5 44. a4 f4 45. a5 f3 46. Nh4 Bd2 47. a6 d4 48. Bxd4 Kxd4 49. a7 f2 50. Kg2 Ke3 51. Kf1 Ba5 52. a8=Q Bc3 53. Qe8+ Kd2 54. Qe2+ Kc1 55. Qxf2 Kb2 56. Qf3 Bd4 57. Nf5 Bc3 58. Ne3 Be5 59. Nd1+ Kb1 60. Qxc6 Ba1 61. Qe4 Kc1 62. Qf5 Bd4 63. Qxh5 Ba1 64. b4 Bd4 65. b5 Kb1 66. Qg5 Bb6 67. Qf6 Kc1 68. Qe6 Kxd1 69. c4 Bd4 70. Qd5 Kc2 71. Qxd4 1-0


[Site "https://www.chess.com"]

[Event "Titled Tuesday Blitz August 22 Early 2023"]
[White "DeyanKostov"]
[Black "Miguelitro69"]
[WhiteElo "2476"]
[BlackElo "2233"]
[Result "0-1"]
[Round "3"]
[TimeControl "180+1"]
[Date "2023.08.22"]
[WhiteClock "0:00:02"]
[BlackClock "0:00:17"]
[Board "195"]

1. d4 Nf6 2. c4 d6 3. Nc3 g6 4. e4 Bg7 5. Nf3 O-O 6. h3 Nbd7 7. Be3 e5 8. d5 a5 9. g4 Nc5 10. Nd2 b6 11. Be2 Bd7 12. g5 Ne8 13. h4 f6 14. gxf6 Nxf6 15. h5 Qe8 16. hxg6 Qxg6 17. Qc2 Ng4 18. O-O-O Nxe3 19. fxe3 Rf2 20. Rdg1 Rg2 21. Rxg2 Qxg2 22. Bf3 Qf2 23. Nd1 Qg3 24. Be2 Rf8 25. Bd3 Bf6 26. Kb1 Bg5 27. Nf1 Qg4 28. Nh2 Qg3 29. Nf1 Qg4 30. Nh2 Qh3 31. Bf1 Qg3 32. Qg2 Nxe4 33. Rg1 Qxg2 34. Rxg2 h6 35. Bd3 Bf5 36. Kc2 Nc5 37. Bxf5 Rxf5 38. Nf2 Kh7 39. Nd3 Bxe3 40. Ng4 Bg5 41. a3 Rf3 42. Nxc5 bxc5 43. Nh2 Rh3 44. Nf1 Kg6 45. Kd1 Kf5 46. Ke2 Ke4 47. Rg4+ Kf5 48. Rg2 Rh4 49. Ng3+ Kg6 50. Nf1 Rxc4 51. Ne3 Re4 52. Rg3 Rxe3+ 0-1


[Site "https://www.chess.com"]

[Event "Titled Tuesday Blitz August 22 Early 2023"]
[White "Tharushi, T H D Niklesha"]
[Black "Carroll, Thomas"]
[WhiteFideId "9918264"]
[BlackFideId "450111"]
[WhiteElo "2174"]
[BlackElo "2459"]
[Result "1-0"]
[Round "3"]
[TimeControl "180+1"]
[Date "2023.08.22"]
[WhiteClock "0:00:38"]
[BlackClock "0:00:00"]
[Board "196"]

1. e4 e6 2. d4 d5 3. Nc3 dxe4 4. Nxe4 Bd7 5. Nf3 Bc6 6. Bd3 Nd7 7. c3 Ngf6 8. Bg5 Be7 9. Ng3 h6 10. Bf4 O-O 11. O-O a5 12. Qe2 Bxf3 13. Qxf3 c6 14. Ne4 Nxe4 15. Qxe4 Nf6 16. Qf3 Bd6 17. Rfe1 Bxf4 18. Qxf4 c5 19. Rad1 cxd4 20. Bc2 Qb6 21. Qxd4 Qxb2 22. Qd3 Rac8 23. Re3 Rc5 24. Qe2 Qa3 25. Rf3 Rfc8 26. Qd3 Rd5 27. Qe2 Rxd1+ 28. Qxd1 Qe7 29. Qb1 Rd8 30. h3 g6 31. Bxg6 Kg7 32. Rg3 fxg6 33. Qxg6+ Kf8 34. Rf3 Rd1+ 35. Kh2 Qd6+ 36. g3 Ke7 37. Qg7+ Kd8 38. Rxf6 1-0


[Site "https://www.chess.com"]

[Event "Titled Tuesday Blitz August 22 Early 2023"]
[White "campochess"]
[Black "Szyszylo, Rafal"]
[BlackFideId "1109626"]
[WhiteElo "2160"]
[BlackElo "2457"]
[Result "0-1"]
[Round "3"]
[TimeControl "180+1"]
[Date "2023.08.22"]
[WhiteClock "0:02:11"]
[BlackClock "0:01:21"]
[Board "197"]

1. e4 d6 2. d4 Nf6 3. Nc3 g6 4. f3 c6 5. Bg5 Bg7 6. Qd2 b5 7. a3 Nbd7 8. Bh6 Bxh6 9. Qxh6 Nb6 10. Nh3 Bxh3 11. Qxh3 O-O 12. d5 cxd5 13. exd5 Nbxd5 14. Nxd5 Nxd5 15. Bxb5 Qa5+ 16. c3 Qxb5 17. O-O-O Ne3 18. Rd2 Nc4 19. Rf2 Rab8 20. f4 Nxb2 21. Rd2 Nc4 0-1


[Site "https://www.chess.com"]

[Event "Titled Tuesday Blitz August 22 Early 2023"]
[White "Balla, Tamas-Kristof"]
[Black "Kuchava, Ana"]
[WhiteFideId "1208497"]
[BlackFideId "13605348"]
[WhiteElo "2443"]
[BlackElo "2172"]
[Result "1-0"]
[Round "3"]
[TimeControl "180+1"]
[Date "2023.08.22"]
[WhiteClock "0:00:11"]
[BlackClock "0:00:00"]
[Board "198"]

1. e4 c5 2. c3 Nf6 3. e5 Nd5 4. d4 cxd4 5. Nf3 Nc6 6. cxd4 d6 7. Bc4 Nb6 8. Bb5 d5 9. Nc3 Bg4 10. O-O e6 11. a3 Be7 12. Be3 O-O 13. Rc1 Rc8 14. Bd3 Nc4 15. Bxc4 dxc4 16. Ne4 Bxf3 17. gxf3 b5 18. Kh1 Kh8 19. Rg1 f5 20. exf6 Bxf6 21. Nxf6 Qxf6 22. Rg3 Rcd8 23. Bg5 Qxd4 24. Bxd8 Qxb2 25. Bc7 Qxf2 26. Qd7 Qb2 27. Rcg1 g6 28. Qxc6 1-0


[Site "https://www.chess.com"]

[Event "Titled Tuesday Blitz August 22 Early 2023"]
[White "Kowalysko, Roman"]
[Black "Harriott, Tyrell"]
[WhiteFideId "30918510"]
[BlackFideId "2086484"]
[WhiteElo "2160"]
[BlackElo "2437"]
[Result "1-0"]
[Round "3"]
[TimeControl "180+1"]
[Date "2023.08.22"]
[WhiteClock "0:00:14"]
[BlackClock "0:00:07"]
[Board "199"]

1. d4 e6 2. e4 d5 3. Nc3 f5 4. exf5 exf5 5. Bd3 Nf6 6. Bg5 c6 7. Qf3 Be7 8. Bxf5 O-O 9. Bxc8 Qxc8 10. Qh3 Qe8 11. O-O-O Qg6 12. Qe6+ Rf7 13. Bxf6 Bxf6 14. Qe8+ Rf8 15. Qxg6 hxg6 16. Nf3 Nd7 17. Rhe1 Nb6 18. b3 Rae8 19. Kd2 Nc8 20. Rxe8 Rxe8 21. Re1 Rxe1 22. Kxe1 Nd6 23. Ke2 Nf5 24. Kd3 Nd6 25. Ne2 Kf7 26. c4 Ne4 27. cxd5 cxd5 28. Nf4 Nxf2+ 29. Ke2 Ne4 30. Nxd5 Ke6 31. Nc7+ Kd7 32. Nb5 a6 33. Ke3 Ng5 34. Nc3 Nxf3 35. gxf3 Kc6 36. Ke4 b5 37. Nd5 Bd8 38. Ne3 Bc7 39. f4 Kd6 40. Ng4 Ke6 41. Ne5 Kf6 42. Nd7+ Ke7 43. Nc5 a5 44. Nd3 Bd6 45. Ne5 Kf6 46. Nc6 a4 47. bxa4 bxa4 48. Ne5 g5 49. f5 Ke7 50. h3 Kf6 51. Ng4+ Ke7 52. Kd5 Kd7 53. Ne3 Bg3 54. Nc4 Bf2 55. Nb6+ Ke7 56. Nxa4 Kf6 57. Ke4 g6 58. fxg6 Kxg6 59. d5 Bg3 60. Nc3 Kh5 61. Ne2 Bh2 62. Kf3 Kh4 63. Kg2 Bd6 64. a4 g4 65. hxg4 Kxg4 66. a5 Bc5 67. a6 Kf5 68. Nc3 Ke5 69. Kf3 Bd4 70. Nb5 Bb6 71. d6 Ke6 72. Ke4 Bc5 73. Kd3 Kd7 74. Kc4 Bb6 75. Kd5 Kc8 76. Kc6 Be3 77. d7+ Kd8 78. a7 Bxa7 79. Nxa7 Ke7 80. Kc7 Ke6 81. d8=Q Ke5 82. Qd6+ Ke4 83. Kc6 Ke3 84. Qd5 Ke2 85. Qb3 Kf2 86. Kd5 Ke2 87. Ke4 Kf2 88. Qf3+ Ke1 89. Qg2 Kd1 90. Kd3 1-0


[Site "https://www.chess.com"]

[Event "Titled Tuesday Blitz August 22 Early 2023"]
[White "JERO-8914"]
[Black "Baruch, Liam"]
[BlackFideId "14322064"]
[WhiteElo "2435"]
[BlackElo "2148"]
[Result "1-0"]
[Round "3"]
[TimeControl "180+1"]
[Date "2023.08.22"]
[WhiteClock "0:01:09"]
[BlackClock "0:00:05"]
[Board "200"]

1. e4 e5 2. Nf3 Nc6 3. Bc4 Bc5 4. c3 Nf6 5. d4 exd4 6. cxd4 Bb4+ 7. Nc3 Nxe4 8. O-O Bxc3 9. bxc3 d5 10. Bd3 O-O 11. Qc2 Bf5 12. Re1 Re8 13. Ng5 Qe7 14. Nxe4 dxe4 15. Bc4 e3 16. Qd1 exf2+ 17. Kxf2 Qf6 18. Kg1 Qg6 19. Bf4 Be4 20. Bg3 Kh8 21. Rf1 f5 22. Qd2 Re7 23. Rae1 Rae8 24. Bh4 Rd7 25. Bg3 h5 26. Qf4 Rde7 27. Qh4 Qg4 28. Be2 Qxh4 29. Bxh4 Re6 30. Bxh5 g6 31. Bd1 Kg7 32. Bb3 Rd6 33. Bg3 Rd7 34. Re3 Na5 35. Be5+ Kf8 36. Rh3 Nxb3 37. axb3 Rf7 38. Ra1 a6 39. Rh6 f4 40. Rf1 g5 41. h4 f3 42. gxf3 Bxf3 43. hxg5 Rf5 44. Rf6+ Rxf6 45. Bxf6 Be2 46. Rf2 Kg8 47. Be5 Bd3 48. Bxc7 Bg6 49. Be5 Rc8 50. Rf6 Bf7 51. c4 a5 52. Rb6 a4 53. bxa4 Rxc4 54. Rxb7 Rxa4 55. Rb8+ Kh7 56. Rh8+ Kg6 57. Rf8 Ra1+ 58. Kf2 Ra2+ 59. Kg3 Ra3+ 60. Kf4 Bd5 61. Rf6+ Kh7 62. Rh6+ Kg8 63. g6 Rf3+ 64. Kg4 Rh3 65. Kxh3 Be6+ 66. Kg3 Kf8 67. Rh8+ Ke7 68. g7 Bg8 69. Rxg8 Kf7 70. Rf8+ Ke6 71. g8=Q+ Kd7 72. Qd5+ Ke7 73. Qd6# 1-0


[Site "https://www.chess.com"]

[Event "Titled Tuesday Blitz August 22 Early 2023"]
[White "Vivas Zamora, Fabian Ernesto"]
[Black "Kriti Mayur Patel"]
[WhiteFideId "3902480"]
[BlackFideId "35061780"]
[WhiteElo "2433"]
[BlackElo "2077"]
[Result "1/2-1/2"]
[Round "3"]
[TimeControl "180+1"]
[Date "2023.08.22"]
[WhiteClock "0:00:10"]
[BlackClock "0:00:50"]
[Board "201"]

1. e4 e5 2. Nf3 Nc6 3. Bc4 Nf6 4. d3 Bc5 5. c3 d6 6. O-O O-O 7. h3 Ne7 8. d4 Bb6 9. Bd3 Ng6 10. Na3 Be6 11. Re1 c5 12. dxe5 dxe5 13. Be3 Rc8 14. Nc4 Bxc4 15. Bxc4 Nxe4 16. Bd3 Nd6 17. Bxg6 hxg6 18. Nxe5 Nf5 19. Nd7 Re8 20. Nxb6 Qxb6 21. Qd2 Rcd8 22. Qc2 Nxe3 23. Rxe3 Rxe3 24. fxe3 c4 25. Re1 Rd3 26. Qf2 Qd6 27. e4 Rd2 28. Re2 Rd1+ 29. Re1 Rd2 30. Re2 Rd1+ 31. Re1 Rd2 1/2-1/2


[Site "https://www.chess.com"]

[Event "Titled Tuesday Blitz August 22 Early 2023"]
[White "Buchenau, Frank"]
[Black "Levine, David"]
[WhiteFideId "4604350"]
[BlackFideId "2011611"]
[WhiteElo "2425"]
[BlackElo "2021"]
[Result "1-0"]
[Round "3"]
[TimeControl "180+1"]
[Date "2023.08.22"]
[WhiteClock "0:00:11"]
[BlackClock "0:00:00"]
[Board "202"]

1. e4 e5 2. Nf3 Nc6 3. Bc4 Nf6 4. d3 h6 5. O-O d6 6. a4 a6 7. a5 g5 8. Re1 Bg7 9. Nfd2 O-O 10. Nc3 Be6 11. Nf1 Qd7 12. Ne3 Nd4 13. Ncd5 Rad8 14. c3 Bxd5 15. cxd4 Bxc4 16. Nxc4 exd4 17. f4 gxf4 18. Bxf4 Qb5 19. Qf3 d5 20. exd5 Nxd5 21. Be5 Ne3 22. Bxg7 Kxg7 23. Nxe3 dxe3 24. Rxe3 Qxb2 25. Rae1 Qd4 26. Kh1 Rd6 27. Qxb7 c5 28. Rf3 Rg6 29. Ref1 Qg4 30. Rxf7+ Rxf7 31. Qxf7+ Kh8 32. Qf8+ Rg8 33. Qf6+ Kh7 34. Qf7+ Rg7 35. Qf2 c4 36. h3 Qg3 37. dxc4 Qxf2 38. Rxf2 Rc7 39. Rf6 1-0


[Site "https://www.chess.com"]

[Event "Titled Tuesday Blitz August 22 Early 2023"]
[White "Semenova, Alina"]
[Black "Dardha, Daniel"]
[WhiteFideId "24113875"]
[BlackFideId "240990"]
[WhiteElo "2057"]
[BlackElo "2935"]
[Result "0-1"]
[Round "3"]
[TimeControl "180+1"]
[Date "2023.08.22"]
[WhiteClock "0:00:00"]
[BlackClock "0:00:47"]
[Board "203"]

1. e4 d5 2. exd5 e5 3. dxe6 Bxe6 4. Nf3 Nc6 5. Be2 Bd6 6. d4 Nf6 7. O-O O-O 8. c3 Bd5 9. Nbd2 Re8 10. Bd3 h6 11. h3 a6 12. Qc2 b5 13. a3 Bf4 14. c4 bxc4 15. Bxc4 Bxd2 16. Bxd5 Qxd5 17. Bxd2 Ne4 18. Be3 Re6 19. Rac1 Rd8 20. Qc4 Ne7 21. Qxc7 Nf5 22. Bf4 Nxd4 23. Nxd4 Qxd4 24. Be3 Qd5 25. Qc4 Qf5 26. Rfd1 Rde8 27. Qd5 Qf6 28. Qd4 Qg6 29. b4 Ng3 30. fxg3 Rxe3 31. g4 Rxa3 32. Re1 Rb8 33. Qe4 Qb6+ 34. Kh1 Rd8 35. Qe7 Rad3 36. Qc5 Qb7 37. Qc2 Rxh3+ 38. Kg1 Rg3 0-1


[Site "https://www.chess.com"]

[Event "Titled Tuesday Blitz August 22 Early 2023"]
[White "Okike, David"]
[Black "Jakubowski, Krzysztof"]
[WhiteFideId "8500134"]
[BlackFideId "1112848"]
[WhiteElo "2347"]
[BlackElo "2644"]
[Result "0-1"]
[Round "3"]
[TimeControl "180+1"]
[Date "2023.08.22"]
[WhiteClock "0:00:51"]
[BlackClock "0:00:28"]
[Board "205"]

1. e4 g6 2. d4 Bg7 3. Nc3 d6 4. Be3 a6 5. Qd2 b5 6. O-O-O Nd7 7. Kb1 Bb7 8. f3 Nb6 9. Bd3 Rc8 10. Nce2 e6 11. Nc1 Qd7 12. Nge2 Nc4 13. Bxc4 bxc4 14. c3 Rb8 15. Ka1 Bc6 16. g4 h5 17. h3 Ba4 18. Rde1 Ne7 19. Ng3 h4 20. Nge2 Qb5 21. Nf4 Qa5 22. Nce2 Bb3 23. a3 Qa4 24. Nc1 Rb5 25. Rh2 Nc6 26. Nxb3 Rxb3 27. Ne2 Na5 28. Nc1 O-O 29. Qc2 Rfb8 30. Nxb3 cxb3 31. Qd3 Nc4 32. Bc1 d5 33. Rhe2 Bf8 34. exd5 Bxa3 35. bxa3 b2+ 36. Bxb2 Rxb2 37. Rxb2 exd5 38. Qc2 Qxa3+ 39. Ra2 Qd6 40. Rxa6 Qxa6+ 41. Qa2 Qf6 42. Re8+ Kg7 43. Qe2 Qa6+ 44. Kb1 Qa3 45. Qc2 Qa5 46. Re2 Na3+ 47. Kb2 Nxc2 48. Kxc2 Qa2+ 49. Kd3 Qb1+ 50. Kd2 Qf1 51. Ke3 Qxh3 52. Rf2 Qg3 53. Ke2 h3 0-1


[Site "https://www.chess.com"]

[Event "Titled Tuesday Blitz August 22 Early 2023"]
[White "Tanwir, Furqan"]
[Black "Veiga, Jose Francisco R P Neves"]
[WhiteFideId "2023962"]
[BlackFideId "1930087"]
[WhiteElo "2345"]
[BlackElo "2636"]
[Result "1-0"]
[Round "3"]
[TimeControl "180+1"]
[Date "2023.08.22"]
[WhiteClock "0:00:47"]
[BlackClock "0:00:06"]
[Board "206"]

1. e4 Nc6 2. d4 d5 3. e5 Bf5 4. Ne2 e6 5. Ng3 Bg6 6. h4 h6 7. h5 Bh7 8. Be3 Nge7 9. Bd3 Bxd3 10. Qxd3 Nb4 11. Qb5+ Nec6 12. Qa4 a6 13. c3 Nd3+ 14. Ke2 Nxb2 15. Qb3 Nc4 16. Nd2 N6a5 17. Qc2 b5 18. Nb3 Nb7 19. f4 Be7 20. f5 Bg5 21. Bf2 O-O 22. a4 c6 23. axb5 axb5 24. Rxa8 Qxa8 25. Ra1 Qd8 26. Kf3 f6 27. exf6 Qxf6 28. Ra7 Nbd6 29. Nc5 Nxf5 30. Nxf5 Qxf5+ 31. Qxf5 Rxf5+ 32. Ke2 e5 33. Ne6 Bf6 34. g4 Rxf2+ 35. Kxf2 exd4 36. Nxd4 Ne5 37. Kg3 Kh7 38. Ra6 c5 39. Nxb5 Nf7 40. Rc6 Ng5 41. Kg2 Ne4 42. Rc7 c4 43. Rd7 Bxc3 44. Rxd5 Bf6 45. Kf3 Ng5+ 46. Ke2 Ne6 47. Rd6 Nf4+ 48. Kf3 Nd3 49. Ke4 Kg8 50. Rc6 Ne5 51. Rc8+ Kf7 52. Nd6+ Ke6 53. Nxc4 Nxg4 54. Rc6+ Kf7 55. Kf5 Nf2 56. Rc7+ Ke8 57. Ke6 Kd8 58. Rd7+ Kc8 59. Nd6+ Kb8 60. Ne8 Ne4 61. Nxg7 Nc5+ 62. Kxf6 Nxd7+ 63. Kg6 Kc7 64. Nf5 Kd8 65. Nxh6 Ke7 66. Kg7 Ke6 67. Ng8 Kf5 68. h6 Ne5 69. h7 Ng6 70. Ne7+ Nxe7 71. h8=Q 1-0


[Site "https://www.chess.com"]

[Event "Titled Tuesday Blitz August 22 Early 2023"]
[White "Caspi, Israel"]
[Black "Alfaro, William"]
[WhiteFideId "2807394"]
[BlackFideId "6100457"]
[WhiteElo "2595"]
[BlackElo "2345"]
[Result "1-0"]
[Round "3"]
[TimeControl "180+1"]
[Date "2023.08.22"]
[WhiteClock "0:02:39"]
[BlackClock "0:02:12"]
[Board "207"]

1. e4 c5 2. Nf3 e6 3. b3 d5 4. exd5 exd5 5. Bb5+ Nc6 6. O-O Nf6 7. d4 cxd4 8. Nxd4 Bd7 9. Re1+ Be7 10. Bxc6 bxc6 11. Ba3 Ne4 12. Bxe7 1-0


[Site "https://www.chess.com"]

[Event "Titled Tuesday Blitz August 22 Early 2023"]
[White "Aggelis, Nikolaos"]
[Black "Ziatdinov, Raset"]
[WhiteFideId "4213220"]
[BlackFideId "2015323"]
[WhiteElo "2588"]
[BlackElo "2339"]
[Result "0-1"]
[Round "3"]
[TimeControl "180+1"]
[Date "2023.08.22"]
[WhiteClock "0:01:32"]
[BlackClock "0:02:02"]
[Board "208"]

1. c4 Nf6 2. Nf3 g6 3. g3 Bg7 4. Bg2 O-O 5. O-O d6 6. b3 Nc6 7. Bb2 e5 8. e3 Nh5 9. d4 f5 10. dxe5 dxe5 11. Qd5+ Qxd5 12. cxd5 Nb4 13. Na3 e4 14. Bxg7 exf3 15. Bxf8 fxg2 16. Bxb4 gxf1=Q+ 17. Kxf1 Nf6 18. Rd1 a5 19. Bc3 Ne4 20. Be5 c6 21. dxc6 bxc6 22. Rd8+ Kf7 23. Nc4 a4 24. Nb6 Ba6+ 25. Kg2 Rxd8 26. f3 axb3 27. axb3 Rd2+ 28. Kh3 Bf1+ 29. Kh4 g5+ 30. Kh5 Rxh2# 0-1


[Site "https://www.chess.com"]

[Event "Titled Tuesday Blitz August 22 Early 2023"]
[White "Pavlidou, Ekaterini"]
[Black "brm72"]
[WhiteFideId "4213262"]
[WhiteElo "2338"]
[BlackElo "2578"]
[Result "1-0"]
[Round "3"]
[TimeControl "180+1"]
[Date "2023.08.22"]
[WhiteClock "0:00:55"]
[BlackClock "0:00:11"]
[Board "209"]

1. d4 Nf6 2. c4 g6 3. Nc3 d5 4. Nf3 Bg7 5. Bg5 Ne4 6. h4 Nxg5 7. hxg5 dxc4 8. e4 c5 9. d5 e6 10. Bxc4 exd5 11. Nxd5 O-O 12. Qd2 Nc6 13. O-O-O Nd4 14. Nxd4 cxd4 15. Qf4 Be6 16. Nf6+ Bxf6 17. gxf6 Re8 18. Bxe6 Rxe6 19. Qh6 Rc8+ 20. Kb1 Rxf6 21. Qxh7+ Kf8 22. e5 Rf4 23. g3 Rxf2 24. e6 Qb6 25. Rd2 Rf6 26. Qh8+ 1-0


[Site "https://www.chess.com"]

[Event "Titled Tuesday Blitz August 22 Early 2023"]
[White "Shahaliyev, Ismayil"]
[Black "Mikhaylova, Irina"]
[WhiteFideId "13406388"]
[BlackFideId "4109040"]
[WhiteElo "2576"]
[BlackElo "2336"]
[Result "1-0"]
[Round "3"]
[TimeControl "180+1"]
[Date "2023.08.22"]
[WhiteClock "0:00:12"]
[BlackClock "0:00:00"]
[Board "210"]

1. e4 c5 2. Nf3 Nc6 3. Bb5 e6 4. Bxc6 bxc6 5. Qe2 f6 6. b3 e5 7. Nc3 d6 8. h3 Be6 9. d3 Ne7 10. O-O Ng6 11. Na4 Be7 12. c3 f5 13. exf5 Bxf5 14. d4 cxd4 15. cxd4 e4 16. Ne1 d5 17. Be3 O-O 18. Rc1 Rc8 19. Qd2 Bd6 20. f4 exf3 21. Nxf3 Bb8 22. Nc5 Qd6 23. Nd3 Be4 24. Nde5 Nxe5 25. Nxe5 Qe6 26. Bf4 Bxe5 27. Bxe5 Qg6 28. Kh2 Rxf1 29. Rxf1 Rf8 30. Rxf8+ Kxf8 31. g4 Qf7 32. Qb4+ Ke8 33. Qb8+ Kd7 34. Qxa7+ Ke6 35. Qxf7+ Kxf7 36. Kg3 Bd3 37. h4 g6 38. Kf4 Ke6 39. Kg5 Be2 40. a4 c5 41. Kf4 cxd4 42. Bxd4 Bd1 43. a5 Bxb3 44. a6 Ba4 45. a7 Bc6 46. Kg5 Kf7 47. Kh6 Kg8 48. Bc5 Ba8 49. Kg5 Kf7 50. Kh6 Kg8 51. Bd4 Bb7 52. Bc3 Ba8 53. Bd2 Bb7 54. Bf4 Ba8 55. Be5 Bb7 56. Ba1 Ba8 57. Kg5 Kf7 58. Bb2 Bb7 59. Kf4 Ke6 60. Ke3 Kd6 61. Ba3+ Kc6 62. Kd4 Ba8 63. Bc5 Kb5 64. Bd6 Kc6 65. Bf4 Kb6 66. Bb8 Kc6 67. Ke5 Kc5 68. Bd6+ Kc4 69. Kf6 d4 70. Kg7 d3 71. Bf4 h5 72. g5 Be4 73. a8=Q Bxa8 74. Kxg6 Bf3 75. Kf7 Kc3 76. g6 d2 77. Bxd2+ Kxd2 78. g7 Ke3 79. Kg6 Bd5 80. Kxh5 Kf4 81. Kg6 Be4+ 82. Kf7 Bd5+ 83. Kg6 Be4+ 84. Kf6 Bd5 85. h5 Bg8 86. h6 Kg4 87. Kg6 Kf4 88. h7 1-0


[Site "https://www.chess.com"]

[Event "Titled Tuesday Blitz August 22 Early 2023"]
[White "Vaglio Munoz, Jaime"]
[Black "Martins, Bruno Andre Leite"]
[WhiteFideId "6500145"]
[BlackFideId "1942255"]
[WhiteElo "2332"]
[BlackElo "2570"]
[Result "1-0"]
[Round "3"]
[TimeControl "180+1"]
[Date "2023.08.22"]
[WhiteClock "0:00:44"]
[BlackClock "0:00:00"]
[Board "211"]

1. Nf3 Nf6 2. c4 g6 3. b3 Bg7 4. Bb2 O-O 5. g3 d6 6. d4 b6 7. Bg2 Bb7 8. O-O Nbd7 9. Re1 Re8 10. d5 a5 11. a3 e6 12. dxe6 fxe6 13. Nbd2 e5 14. e4 Nc5 15. Qc2 Qd7 16. Ng5 h6 17. Bh3 Qe7 18. Ngf3 g5 19. Bf1 Ne6 20. b4 axb4 21. axb4 Kh7 22. Rac1 Ra2 23. Qb3 Rea8 24. h4 g4 25. Nh2 Nd4 26. Bxd4 Rxd2 27. Bc3 Rda2 28. Bb2 Qf7 29. Bd3 b5 30. Qc3 c6 31. Bb1 R2a4 32. c5 dxc5 33. Qxe5 cxb4 34. Qf5+ Qg6 35. e5 Qxf5 36. Bxf5+ Kg8 37. exf6 Bf8 38. Be6+ Kh8 39. Nxg4 c5 40. Rcd1 c4 41. Be5 c3 42. Rd7 Be4 43. Rxe4 1-0


[Site "https://www.chess.com"]

[Event "Titled Tuesday Blitz August 22 Early 2023"]
[White "micke12a"]
[Black "Mostbauer, Florian"]
[BlackFideId "1626671"]
[WhiteElo "2323"]
[BlackElo "2551"]
[Result "0-1"]
[Round "3"]
[TimeControl "180+1"]
[Date "2023.08.22"]
[WhiteClock "0:00:01"]
[BlackClock "0:00:04"]
[Board "212"]

1. e4 c6 2. d4 d5 3. e5 Bf5 4. h4 a6 5. g4 Bd7 6. h5 h6 7. f4 e6 8. Nf3 c5 9. c3 Nc6 10. a3 Qb6 11. Rh2 Nge7 12. Be3 cxd4 13. Nxd4 Nxd4 14. Bxd4 Qc7 15. Bh3 Nc6 16. Re2 Nxd4 17. cxd4 Be7 18. Nc3 O-O-O 19. Rc1 Bc6 20. Qd3 Kb8 21. Kf1 Qa5 22. Kg1 Rc8 23. Rec2 Bb5 24. Nxb5 Qxb5 25. Qxb5 axb5 26. f5 Rc4 27. fxe6 fxe6 28. Rxc4 bxc4 29. Rf1 Rf8 30. Rxf8+ Bxf8 31. g5 Bxa3 32. gxh6 gxh6 33. Bxe6 Bxb2 34. Bxd5 Bxd4+ 35. Kg2 c3 36. e6 Bf6 37. Bb3 Kc7 38. Kf3 Kd6 39. Ke4 Kc5 40. Kf5 Bg5 41. Ke5 Kb4 42. Bc2 Ka3 43. Kd6 Kb2 44. Be4 c2 45. Bxc2 Kxc2 46. Kc5 Kd3 47. Kb6 Ke4 48. Kxb7 Kf5 49. Kc6 Kg4 50. Kd5 Kxh5 51. Ke4 Kg4 52. Kd3 Kf3 0-1


[Site "https://www.chess.com"]

[Event "Titled Tuesday Blitz August 22 Early 2023"]
[White "Ardila, Oscar Humberto"]
[Black "Grossboss19"]
[WhiteFideId "4404742"]
[WhiteElo "2319"]
[BlackElo "2543"]
[Result "1-0"]
[Round "3"]
[TimeControl "180+1"]
[Date "2023.08.22"]
[WhiteClock "0:02:28"]
[BlackClock "0:00:00"]
[Board "213"]

1. d4 d6 2. Nf3 Nf6 3. c4 g6 4. Nc3 Bg7 5. e3 O-O 6. Be2 Nc6 7. O-O e5 8. dxe5 dxe5 9. Nd5 Nxd5 10. cxd5 Ne7 11. e4 f5 12. exf5 gxf5 13. Bc4 Kh8 14. Ng5 1-0


[Site "https://www.chess.com"]

[Event "Titled Tuesday Blitz August 22 Early 2023"]
[White "Goswami, Vedant"]
[Black "Najdin, Danil"]
[WhiteFideId "5003725"]
[BlackFideId "4172426"]
[WhiteElo "2319"]
[BlackElo "2538"]
[Result "0-1"]
[Round "3"]
[TimeControl "180+1"]
[Date "2023.08.22"]
[WhiteClock "0:00:00"]
[BlackClock "0:00:41"]
[Board "214"]

1. e4 g6 2. d4 Bg7 3. Nf3 c6 4. Nc3 d5 5. e5 f6 6. Bf4 Bg4 7. h3 Bxf3 8. Qxf3 fxe5 9. Bxe5 Bxe5 10. dxe5 e6 11. Qg4 Qe7 12. Bd3 Nd7 13. f4 Nh6 14. Qe2 Qb4 15. O-O Qxb2 16. Qd2 Qb6+ 17. Kh2 Qa5 18. Rab1 Nc5 19. Rf2 O-O-O 20. g4 d4 21. Ne4 Qxd2 22. Nxd2 Nf7 23. Rb4 g5 24. Nf3 gxf4 25. Rxd4 Rxd4 26. Nxd4 Nxe5 27. Rxf4 Rd8 28. Nb3 Ncxd3 29. cxd3 Rxd3 30. Rf6 Ng6 0-1


[Site "https://www.chess.com"]